 Dungeon Crawl Stone Soup version 0.32-a0-931-g5a2cda0630 (webtiles) character file.

Game seed: 3286442917186902220

87 lotum the Shooter (level 4, -7/35 HPs)
             Began as a Mummy Hunter on Apr 13, 2024.
             Killed from afar by an orc wizard (12 damage)
             ... with a puff of flame
             ... on level 3 of the Dungeon.
             The game lasted 00:02:28 (1920 turns).

lotum the Shooter (Mummy Hunter)                    Turns: 1920, Time: 00:02:28

Health: -7/35      AC:  4    Str: 14    XL:     4   Next: 28%
Magic:  4/4        EV: 11    Int: 11    God:
Gold:   163        SH:  0    Dex: 17    Spells: 3/3 levels left

rFire   x . .        a - +0 shortbow
rCold   + . .        (shield currently unavailable)
rNeg    + + +        c - +0 leather armour
rPois   ∞            d - +0 helmet of the Many Runes {Will- Regen+ Int+3}
rElec   .            (no cloak)
rCorr   .            (no gloves)
SInv    .            (no boots)
Will    .....        (no amulet)
Stlth   ++           (no ring)
HPRegen 1.05/turn    (no ring)
MPRegen 0.09/turn

%: faith
@: about to teleport
A: cold resistance 1, negative energy resistance 3, torment resistance 2, heat
vulnerability 1, in touch with death 1, no potions, faith
a: Convert to Beogh


You were on level 3 of the Dungeon.
You visited 1 branch of the dungeon, and saw 3 of its levels.

You collected 163 gold pieces.

Inventory:

Hand Weapons
 a - a +0 shortbow (weapon)
Armour
 c - a +0 leather armour (worn)
 d - the +0 helmet of the Many Runes (worn) {Will- Regen+ Int+3}
   (You took it off Robin on level 2 of the Dungeon)

   Int+3:     It affects your intelligence (+3).
   Will-:     It decreases your willpower.
   Regen+:    It increases your rate of health regeneration.
 k - a +2 ring mail of fire resistance
Scrolls
 b - a scroll of butterflies
 e - 2 scrolls of teleportation
 f - a scroll of noise
 g - 2 scrolls of vulnerability
 h - a scroll of summoning {unknown}
 i - a scroll of immolation
 j - a scroll of blinking


   Skills:
 + Level 3.1 Fighting
 * Level 4.3 Ranged Weapons
 - Level 1.5 Dodging
 - Level 0.7 Stealth


You had 3 spell levels left.
You didn't know any spells.
Your spell library contained the following spells:

 Spells                   Type           Power      Damage    Failure   Level
 Dazzling Flash           Conj/Hex       0%         N/A       80%         3
 Mephitic Cloud           Conj/Alch/Air  0%         N/A       80%         3
 Curse of Agony           Necr           0%         N/A       100%        5
 Silence                  Hex/Air        0%         N/A       100%        5


Dungeon Overview and Level Annotations

Branches:
Dungeon (3/15)

Altars:

Shops:
D:1 *


Innate Abilities, Weirdness & Mutations

You are immune to poison.
Your flesh is cold resistant. (rC+)
You are immune to negative energy. (rN+++)
You are immune to unholy pain and torment.
You are vulnerable to heat. (rF-)
You are in touch with the powers of death.
You do not drink.
You have a special connection with the divine. (Faith)


Message History

You kill the bat!
You shoot an arrow. The arrow hits the orc priest.
The orc priest is lightly wounded.
You hear some strange, mumbled words.
You are confused.
You are too confused!
Unknown command.
A magic dart appears from out of thin air!
The magic dart hits you.
A puff of flame appears from out of thin air!
The puff of flame hits you!! The fire burns you terribly!
Ouch! That really hurt!
Found a scale mail.
The orc priest begins to cast a cantrip, but forgets the words!
There is an open door here.
You are too confused!
You bump into the rock wall.
You closely miss something.
You feel less confused. Something hits you but does no damage.
Something hits you.
As you read the scroll of teleportation, it crumbles to dust.
You feel strangely unstable. Something hits you but does no damage.
There are monsters nearby!
There are monsters nearby!
You hear some strange, mumbled words.
A puff of flame appears from out of thin air!
The puff of flame hits you! The fire burns you terribly!
Fire: a) +0 shortbow
Press: ? - help, Shift-Dir - straight line, f - frilled lizard
Aim: a frilled lizard (46% to hit)
You shoot an arrow.
A magic dart appears from out of thin air!
The magic dart hits you!
* * * LOW HITPOINT WARNING * * *
Unknown command.
You hear some strange, mumbled words.
A puff of flame appears from out of thin air!
The puff of flame hits you! The fire burns you terribly!
You die...

#..# #†+#####
#......# #......#
#####+#####......#
.... ............#
#.. ......†.....#
#.# ............#
#@#.#............#
#.#.#............#
#{#.########'#####
#l#.# #....#. .
###'#.# ####.#.
... #.oo..# #.#.
....r##ooo..# #.#.
.....o'.....# #.#.
......#.....#
###...


You could see an orc priest, 3 orcs and a frilled lizard.

Vanquished Creatures
  Robin (D:2)
  An adder (D:3)
  A dart slug (D:1)
  6 bats
  4 endoplasms
  2 giant cockroaches
  7 goblins
  8 hobgoblins
  4 jackals (D:1)
  3 quokkas
  4 ball pythons
  3 frilled lizards
  8 kobolds
  6 rats
58 creatures vanquished.

Notes
Turn   | Place    | Note
-------+----------+-------------------------------------------
     0 | D:1      | lotum the Mummy Hunter began the quest for the Orb.
     0 | D:1      | Reached XP level 1. HP: 16/16 MP: 1/1
   184 | D:1      | Reached XP level 2. HP: 22/22 MP: 2/2
   191 | D:1      | Found Joraick's General Store.
   700 | D:1      | Reached XP level 3. HP: 28/28 MP: 3/3
  1204 | D:2      | Reached skill level 4 in Ranged Weapons
  1292 | D:2      | Identified the +0 helmet of the Many Runes {Will- Regen+
                  | Int+3}
  1292 | D:2      | Noticed Robin
  1310 | D:2      | Killed Robin
  1365 | D:2      | Reached XP level 4. HP: 22/35 MP: 4/4
  1920 | D:3      | Killed from afar by an orc wizard

Illustrated notes

Levels and vault maps discovered:
D:1:      minmay_arrival_hallway, layout_loops_ring, serial_shops,
          nicolae_shop_advertising_works [nicolae_subvault_shop_adworks],
          corexii_corridor_pit
D:2:      layout_loops_ring, uniq_robin
D:3:      layout_basic, mainiacjoe_overflow_boulevard,
          mainiacjoe_overflow_cross_hatched, grunt_ministairs_12,
          minmay_quadrilaterals, uniq_jessica

Skill      XL: |  1  2  3 |
---------------+----------+-----
Ranged Weapons | 4 |  4.3
Fighting       | 3 |  3.1
Dodging        | |  1.5
Stealth        | |  0.7

Action                     |  1- 3 |  4- 6 || total
---------------------------+-------+-------++-------
  Melee: Shortbow          |       |     1 ||     1
   Fire: Shortbow          |   164 |    37 ||   201
    Use: Scroll            |     4 |     3 ||     7
 Armour: Leather armour    |    49 |    24 ||    73
  Dodge: Dodged            |    48 |    18 ||    66

Table legend: (Time is in decaauts)
 A = Elapsed time spent in this place.
 B = Non-inter-level travel time spent in this place.
 C = Inter-level travel time spent in this place.
 D = Time resting spent in this place.
 E = Time spent auto-exploring this place.
 F = Levels seen in this place.
 G = Mean time per level.
                   A        B        C        D        E       F      G
               +--------+--------+--------+--------+--------+-----+--------+
         Total |   1968 |   1879 |     89 |     85 |   1404 |   3 |  656.0 |
       Dungeon |   1968 |   1879 |     89 |     85 |   1404 |   3 |  656.0 |
               +--------+--------+--------+--------+--------+-----+--------+

Top non-repeatable levels by time:
     D:1: 886 daAuts
     D:2: 758 daAuts
     D:3: 323 daAuts
